 Dungeon Crawl Stone Soup version 0.31-a0-549-gf98fd537a9 (webtiles) character file.

Game seed: 1762888006411929514

525 Ethylacetat the Ducker (level 7, -8/49 HPs)
             Began as an Octopode Gladiator on Aug 16, 2023.
             Mangled by an iguana (10 damage)
             ... on level 4 of the Dungeon.
             The game lasted 00:06:03 (3209 turns).

Ethylacetat the Ducker (Octopode Gladiator)         Turns: 3209, Time: 00:06:04

Health: -8/49      AC:  1    Str: 13    XL:     7   Next: 22%
Magic:  7/7        EV: 15    Int: 11    God:
Gold:   198        SH:  0    Dex: 15    Spells: 6/6 levels left

rFire   . .          .
                       - Unarmed
rCold   . . .        (no shield)
rNeg    + . .        a - +0 hat
rPois   .            (no amulet)
rElec   .            f - ring of positive energy
rCorr   .            (no ring)
SInv    .            (no ring)
Will    .....        (no ring)
Stlth   ++           (no ring)
HPRegen 0.28/turn    (no ring)
MPRegen 0.10/turn    (no ring)
                     (no ring)

%: no passive effects
@: no status effects
A: almost no armour, amphibious, 8 rings, camouflage 1, gelatinous body 1,
(nimble swimmer 1), tentacles
a: no special abilities


You were on level 4 of the Dungeon.
You visited 1 branch of the dungeon, and saw 5 of its levels.

You collected 198 gold pieces.

Inventory:

Missiles
 b - 3 throwing nets
 c - a javelin
 s - 4 poisoned darts (quivered)
Armour
 a - a +0 hat (worn)
Jewellery
 f - a ring of positive energy (left tentacle)
Talismans
 t - a blade talisman
Wands
 r - a wand of flame (18)
Scrolls
 e - 3 scrolls of identify {unknown}
 g - 2 scrolls of blinking {unknown}
 h - a scroll of fog {unknown}
 j - a scroll of torment {unknown}
 k - a scroll of brand weapon {unknown}
 l - 3 scrolls of teleportation
 p - a scroll of amnesia {unknown}
Potions
 d - 5 potions of curing {unknown}
 i - a potion of brilliance {unknown}
 m - a potion of lignification {unknown}
 n - 2 potions of berserk rage {unknown}
 o - a potion of attraction {unknown}
 q - a potion of haste {unknown}


   Skills:
 + Level 4.7 Fighting
 - Level 2.0 Throwing
 + Level 5.1 Dodging
 + Level 5.1 Unarmed Combat
 * Level 0.3 Shapeshifting


You had 6 spell levels left.
You didn't know any spells.
Your spell library contained the following spells:

 Spells                   Type           Power      Damage    Failure   Level
 Necrotise                Necr           0%         1d4       34%         1
 Vampiric Draining        Necr           0%         2d6       71%         3
 Agony                    Necr           0%         N/A       100%        5


Dungeon Overview and Level Annotations

Branches:
Dungeon (5/15)
 Temple: D:4-7

Altars:
Wu Jian
Xom


Innate Abilities, Weirdness & Mutations

You cannot wear most types of armour.
You are amphibious.
You can wear up to eight rings at the same time.
Your skin changes colour to match your surroundings (Stealth+).
Your rubbery body absorbs attacks. (AC +1, EV +1)
((You are camouflaged when in or above water. (Stealth+)))
You have tentacles for arms and can constrict up to eight enemies at once.


Message History

There is a stone staircase leading down here.
You tentacle-slap the iguana. Your grab misses the iguana.
Your squeeze misses the iguana.
The iguana is heavily wounded.
Your attacks no longer feel as feeble.
The iguana bites you!
You closely miss the iguana. Your grab misses the iguana.
The iguana is heavily wounded.
The iguana bites you!
You tentacle-slap the iguana but do no damage.
Your grab misses the iguana.
The iguana is heavily wounded.
The iguana closely misses you.
You barely miss the iguana. Your grab misses the iguana.
The iguana is heavily wounded.
The iguana misses you.
You closely miss the iguana. Your grab misses the iguana.
Your squeeze misses the iguana.
The iguana is heavily wounded.
The iguana bites you.
* * * LOW HITPOINT WARNING * * *
You barely miss the iguana. You grab the iguana.
The iguana is heavily wounded.
You constrict the iguana, but do no damage.
The iguana bites you!
* * * LOW HITPOINT WARNING * * *
Unknown command.
Okay, then.
You tentacle-slap the iguana but do no damage.
You squeeze the iguana.
The iguana is heavily wounded.
You constrict the iguana. The iguana bites you.
* * * LOW HITPOINT WARNING * * *
You tentacle-slap the iguana.
The iguana is severely wounded.
You constrict the iguana.
You tentacle-slap the iguana but do no damage.
The iguana is almost dead.
You constrict the iguana. The iguana bites you!
You die...

#~~~~~~~#~8#...#..........##
#..~P~~~#..#...............##
'..~♣P~~'[©#©...............#
#..~~P~~#..#...............)#
#~~~~~~~#P8#................#
############.....[..........#
............................#
...........................##
.#.###.##.####.#@.........##
...).#.#.....#..l...#######
...#.)...............##
#..###......[.........# ##.#
#................# #.#
#†...............# #.#
#................# #.#
#................# ###
#................#


You could see an iguana.

Vanquished Creatures
  A black bear (D:4)
  3 electric eels (D:4)
  Crazy Yiuf (D:2)
  A jelly (D:4)
  A sleepcap (D:4)
  Terence (D:2)
  Natasha (thrice) (D:3)
  6 adders
  A dart slug (D:1)
  3 worms
  2 orcs (D:4)
  4 ball pythons
  5 endoplasms (D:1)
  3 giant cockroaches (D:1)
  9 goblins
  A hobgoblin (D:1)
  7 jackals
  5 quokkas
  6 bats
  3 frilled lizards
  6 kobolds
  6 rats
78 creatures vanquished.

Notes
Turn   | Place    | Note
-------+----------+-------------------------------------------
     0 | D:1      | Ethylacetat the Octopode Gladiator began the quest for the
                  | Orb.
     0 | D:1      | Reached XP level 1. HP: 14/14 MP: 1/1
    71 | D:1      | Noticed a golden eye
    73 | D:1      | Found a faded altar of an unknown god.
    86 | D:1      | Noticed a floating eye
    86 | D:1      | Noticed a golden eye
    86 | D:1      | Noticed an eye of devastation
   111 | D:1      | Reached XP level 2. HP: 19/19 MP: 2/2
   279 | D:1      | Reached XP level 3. HP: 25/25 MP: 3/3
   912 | D:2      | Noticed Terence
   923 | D:2      | Killed Terence
   924 | D:2      | Reached XP level 4. HP: 9/31 MP: 4/4
  1494 | D:2      | Found a runed translucent door.
  1495 | D:2      | Noticed Crazy Yiuf
  1502 | D:2      | Killed Crazy Yiuf
  1503 | D:2      | Reached XP level 5. HP: 36/36 MP: 5/5
  1714 | D:3      | Found a shimmering altar of Xom.
  1870 | D:3      | Noticed Natasha
  1874 | D:3      | Killed Natasha
  2132 | D:3      | Noticed Natasha
  2138 | D:3      | Killed Natasha
  2183 | D:3      | Noticed Natasha
  2192 | D:3      | Killed Natasha
  2193 | D:3      | Reached XP level 6. HP: 17/43 MP: 6/6
  2301 | D:4      | Found an ornate altar of the Wu Jian Council.
  2339 | D:4      | Found a transporter.
  2401 | D:4      | Found a transporter.
  2408 | D:4      | Noticed a black bear
  2653 | D:4      | Killed a black bear
  2654 | D:4      | Reached skill level 5 in Dodging
  2654 | D:4      | Reached skill level 5 in Unarmed Combat
  2654 | D:4      | Reached XP level 7. HP: 15/49 MP: 7/7
  3193 | D:5      | Entered Level 5 of the Dungeon
  3207 | D:4      | HP: 2/49 [iguana (2)]
  3209 | D:4      | Mangled by an iguana

Illustrated notes

Levels and vault maps discovered:
D:1:      minmay_arrival_up_and_down, layout_loops_cross,
          hellmonk_ecumenical_altar_watching_god
D:2:      layout_loops_ring, uniq_terence, uniq_crazy_yiuf_cottage
D:3:      layout_rooms, lemuel_tele_altar, uniq_natasha
D:4:      gammafunk_steamed_eel, layout_rooms, nzn_wu_jian_contemplation
D:5:      layout_loops_ring, slow_altar_2,
          chequers_temple_overflow_statue_of_worship, minmay_gold_behind_fungi,
          uniq_eustachio, uniq_edmund

Skill      XL: |  1  2  3  4  5  6 |
---------------+-------------------+-----
Fighting       | 3 4 |  4.7
Dodging        | 4 5 |  5.1
Unarmed Combat | 4 5 |  5.1
Throwing       | |  2.0
Shapeshifting  | |  0.3

Action                     |  1- 3 |  4- 6 |  7- 9 || total
---------------------------+-------+-------+-------++-------
  Melee: Unarmed           |    86 |    76 |    24 ||   186
         Constrict         |    21 |    25 |     6 ||    52
         Tentacles         |    20 |    26 |     3 ||    49
         Punch             |     3 |     3 |     1 ||     7
  Throw: Dart              |       |     4 |       ||     4
  Evoke: Wand              |       |     4 |       ||     4
    Use: Scroll            |       |     1 |       ||     1
   Stab: Sleeping          |    11 |     6 |     1 ||    18
 Armour: Skin              |     8 |     2 |       ||    10
  Dodge: Dodged            |    37 |    31 |    12 ||    80

Table legend: (Time is in decaauts)
 A = Elapsed time spent in this place.
 B = Non-inter-level travel time spent in this place.
 C = Inter-level travel time spent in this place.
 D = Time resting spent in this place.
 E = Time spent auto-exploring this place.
 F = Levels seen in this place.
 G = Mean time per level.
                   A        B        C        D        E       F      G
               +--------+--------+--------+--------+--------+-----+--------+
         Total |   3203 |   2901 |    302 |    106 |   2186 |   5 |  640.6 |
       Dungeon |   3203 |   2901 |    302 |    106 |   2186 |   5 |  640.6 |
               +--------+--------+--------+--------+--------+-----+--------+

Top non-repeatable levels by time:
     D:4: 974 daAuts
     D:2: 883 daAuts
     D:3: 690 daAuts
     D:1: 649 daAuts
     D:5: 6 daAuts
